 Dungeon Crawl Stone Soup version 0.23-a0-38-g6d804a8 (webtiles) character file.

35 SeniorJSONDeveloper the Firebug (level 3, -1/33 HPs)
             Began as an Ogre Fire Elementalist on Aug 5, 2018.
             Slain by Jessica
             ... wielding a +0 club
              (5 damage)
             ... on level 2 of the Dungeon.
             The game lasted 00:02:03 (954 turns).

SeniorJSONDeveloper the Firebug (OgFE)               Turns: 954, Time: 00:02:04

Health: -1/33      AC:  3    Str: 12    XL:     3   Next: 33%
Magic:  1/7        EV: 10    Int: 17    God:
Gold:   45         SH:  0    Dex:  9    Spells: 6/7 levels left

rFire    . . .     SeeInvis .   (no weapon)
rCold    . . .     Gourm    .   (no shield)
rNeg     . . .     Faith    .   a - +0 robe
rPois    .         Spirit   .   (helmet restricted)
rElec    .         Reflect  .   (no cloak)
rCorr    .         Harm     .   (gloves unavailable)
MR       .....                  (boots unavailable)
Stlth    ++........             (no amulet)
HPRegen  0.11/turn              (no ring)
MPRegen  0.10/turn              (no ring)

@: very slightly contaminated, invisible
A: large, unfitting armour, tough skin 1
a: no special abilities


You were on level 2 of the Dungeon.
You were not hungry.

You visited 1 branch of the dungeon, and saw 2 of its levels.

You collected 45 gold pieces.

Inventory:

Hand Weapons
 i - a +1 dagger of distortion
Armour
 a - a +0 robe (worn)
Scrolls
 d - 3 scrolls of identify {unknown}
 f - a scroll of magic mapping {unknown}
 g - 2 scrolls of blinking {unknown}
 h - 3 scrolls of teleportation {unknown}
 j - a scroll of enchant weapon {unknown}
Potions
 k - 2 potions of haste {unknown}
Comestibles
 b - a chunk of flesh
 c - 2 rations


   Skills:
 + Level 1.1 Fighting
 + Level 2.1 Dodging
 + Level 1.7 Stealth
 + Level 2.9 Spellcasting
 + Level 1.2 Conjurations
 + Level 2.9 Fire Magic


You had 6 spell levels left.
You knew the following spells:

 Your Spells              Type           Power        Failure   Level  Hunger
a - Flame Tongue          Conj/Fire      #....        8%          1    #......

Your spell library contained the following spells:

 Spells                   Type           Power        Failure   Level  Hunger
 Fireball                 Conj/Fire      #.........   90%         5    ######.
 Conjure Flame            Conj/Fire      #.......     22%         3    ###....
 Throw Flame              Conj/Fire      #.....       11%         2    ##.....
 Sticky Flame             Conj/Fire      #.......     58%         4    #####..
 Inner Flame              Hex/Fire       #.......     28%         3    ###....


Dungeon Overview and Level Annotations

Branches:
Dungeon (2/15)

Altars:

Annotations:
D:2 Jessica


Innate Abilities, Weirdness & Mutations

You are too large for most types of armour.
You have tough skin. (AC +1)


Message History

It was a potion of invisibility.
You fade into invisibility!
Jessica hits you but does no damage. The kobold completely misses you.
You hit the kobold.
The kobold is severely wounded.
Jessica barely misses you. The kobold barely misses you.
You closely miss the kobold.
The kobold is severely wounded.
Jessica barely misses you. The kobold hits you.
* * * LOW HITPOINT WARNING * * *
You barely miss the kobold.
The kobold is severely wounded.
Jessica hits you but does no damage. The kobold barely misses you.
You closely miss the kobold.
The kobold is severely wounded.
The kobold closely misses you.
You closely miss the kobold.
The kobold is severely wounded.
Jessica hits you with a club.
You die...

##.###.## #.# ##.###..###... ...#
#.#####.# .#..........
.#####.......# #...######.
....#################.#.......##.
###.# #...........#..####.##.
###.#######.###.#######..........
....#.....#.#......####.#####.##.
.####.###.#.#..K...##.......#.###
.####.# #.#.#...@..##.#(###.#.#
.#....# #.#.#...@..##.#.###.#.#
.#.######.#.#......##.#.....#.#
.#.##.....#.#......##.#######.#
##.##.#####)#########.........#
...##.# #.# ########### #####.#
#.# #.#####.# #.....(.#


You could see Jessica and a kobold.

Vanquished Creatures
  2 dart slugs (D:1)
  3 leopard geckos
  2 bats
  2 giant cockroaches (D:2)
  5 goblins
  2 hobgoblins (D:2)
  2 kobolds
  A frilled lizard (D:2)
  7 rats
26 creatures vanquished.

Notes
Turn   | Place    | Note
-------+----------+-------------------------------------------
     0 | D:1      | SeniorJSONDeveloper the Ogre Fire Elementalist began the quest for the Orb.
     0 | D:1      | Reached XP level 1. HP: 16/16 MP: 3/3
    67 | D:1      | Reached skill level 1 in Conjurations
   146 | D:1      | Reached XP level 2. HP: 26/26 MP: 3/5
   590 | D:2      | Reached skill level 1 in Fighting
   595 | D:2      | Reached XP level 3. HP: 27/33 MP: 1/7
   683 | D:2      | Found a faded altar of an unknown god.
   935 | D:2      | Noticed Jessica
   954 | D:2      | Slain by Jessica

Vault maps used:
D:1:      dpeg_arrival_prison
D:2:      chequers_ecumenical_altar_simple_redux, uniq_jessica, uniq_terence

Skill      XL: |  1  2 |
---------------+-------+-----
Conjurations   | 1 |  1.2
Dodging        | 2 |  2.1
Fighting       | 1 |  1.1
Stealth        | |  1.7
Spellcasting   | |  2.9
Fire Magic     | |  2.9

Action                   || total
-------------------------++-------
Melee: Unarmed           ||    29
 Cast: Flame Tongue      ||    44
  Use: Potion            ||     1
Armor: Robe              ||    15
Dodge: Dodged            ||    35

Table legend:
 A = Spawn XP
 B = Non-spawn XP
 C = Spawn XP percentage of total XP
 D = Spawn monster count
 E = Non-spawn monster count
 F = Spawn count percentage of total count
 G = Total turns spent on level
                    A         B        C        D         E        F      G
               +---------+---------+-------+---------+---------+-------+---------
         Total |       0 |      50 |   0.0 |       0 |      26 |   0.0 |   954
               +---------+---------+-------+---------+---------+-------+---------
           D:1 |       0 |      28 |   0.0 |       0 |      14 |   0.0 |   589
           D:2 |       0 |      22 |   0.0 |       0 |      12 |   0.0 |   365
               +---------+---------+-------+---------+---------+-------+---------
